 Dungeon Crawl Stone Soup version 0.20.0-6-gd3061e9 (webtiles) character file.

2956 Inarius the Stinger (level 9, -1/69 HPs)
             Began as a White Draconian Venom Mage on May 28, 2017.
             Was a Believer of Vehumet.
             Slain by a two-headed ogre
             ... wielding a +0 giant club
              (18 damage)
             ... on level 7 of the Dungeon.
             The game lasted 00:34:18 (10295 turns).

Inarius the Stinger (White Draconian Venom Mage)   Turns: 10295, Time: 00:34:19

Health: -1/69      AC: 10    Str: 14    XL:     9   Next: 52%
Magic:  3/18       EV: 13    Int: 19    God:    Vehumet [**....]
Gold:   347        SH:  0    Dex: 12    Spells: 7/21 levels left

rFire    . . .     SeeInvis .   z - +5 broad axe "Eboh" {flame, MR+ Str+4}
rCold    + . .     Gourm    .   (no shield)
rNeg     + . .     Faith    .   (armour unavailable)
rPois    .         Spirit   .   (helmet restricted)
rElec    .         Reflect  .   (no cloak)
rCorr    .         Harm     .   E - +2 pair of gloves
MR       +....                  (no boots)
Stlth    ++........             (no amulet)
Regen    0.3/turn               j - ring of positive energy
MPRegen  0.2/turn               (no ring)

@: very slightly contaminated
A: breathe frost, unfitting armour, cold resistance 1, cold-blooded, AC +7
a: Breathe Frost, Renounce Religion


You were on level 7 of the Dungeon.
You worshipped Vehumet.
Vehumet was pleased with you.
You were hungry.

You visited 2 branches of the dungeon, and saw 9 of its levels.

You collected 347 gold pieces.

Inventory:

Hand Weapons
 i - a +2 mace of crushing
 r - a +1 whip of pain
 z - the +5 broad axe "Eboh" (weapon) {flame, MR+ Str+4}
   (You found it on level 5 of the Dungeon)

   It has been specially enchanted to burn those struck by it, causing extra
   injury to most foes and up to half again as much damage against particularly
   susceptible opponents.
   Big, fiery blades are also staple armaments of hydra-hunters.
   It affects your strength (+4).
   It affects your resistance to hostile enchantments.
Armour
 E - a +2 pair of gloves (worn)
Jewellery
 j - a ring of positive energy (left hand)
Wands
 B - a wand of confusion (34/48)
 D - a wand of confusion (6/48)
 H - a wand of iceblast (4/15)
Scrolls
 h - 3 scrolls of remove curse
 l - 6 scrolls of teleportation
 u - a scroll of fog
 w - a scroll of enchant armour {unknown}
 x - 2 scrolls of enchant weapon {unknown}
 C - a scroll of fear
 G - a scroll of torment {unknown}
Potions
 c - 2 potions of flight {unknown}
 d - a potion of cancellation
 e - 3 potions of lignification {unknown}
 g - 3 potions of mutation {unknown}
 k - a potion of haste {unknown}
 m - a potion of might
 n - a potion of heal wounds
 o - 6 potions of curing {unknown}
 p - 2 potions of ambrosia {unknown}
 q - a potion of invisibility
 s - a potion of magic {unknown}
 t - 2 potions of degeneration {unknown}
 v - a potion of brilliance {unknown}
Books
 a - a Young Poisoner's Handbook

   Spells                             Type                      Level
   a - Sting                          Conjuration/Poison           1
   b - Poisonous Vapours              Poison/Air                   2
   c - Mephitic Cloud                 Conjuration/Poison/Air       3
   d - Olgreb's Toxic Radiance        Poison                       4
   e - Venom Bolt                     Conjuration/Poison           5
 y - a book of Cantrips

   Spells                             Type                      Level
   a - Confusing Touch                Hexes                        1
   b - Animate Skeleton               Necromancy                   1
   c - Summon Small Mammal            Summoning                    1
   d - Apportation                    Translocation                1
Comestibles
 b - 8 bread rations
 f - 2 meat rations
 A - a royal jelly
 F - 2 chunks of flesh


   Skills:
 + Level 3.0 Fighting
 + Level 3.4 Dodging
 - Level 1.7 Stealth
 - Level 0.2 Unarmed Combat
 + Level 6.6 Spellcasting
 * Level 5.3 Conjurations
 * Level 3.8 Summonings
 * Level 4.8 Air Magic
 * Level 6.7 Poison Magic
 * Level 0.8 Evocations


You had 7 spell levels left.
You knew the following spells:

 Your Spells              Type           Power        Failure   Level  Hunger
a - Sting                 Conj/Pois      ####         1%          1    None
b - Poisonous Vapours     Pois/Air       ####..       1%          2    None
c - Olgreb's Toxic Radia  Pois           ####....     7%          4    ####...
d - Venom Bolt            Conj/Pois      ####......   24%         5    #####..
e - Summon Small Mammal   Summ           ###.         2%          1    None
f - Magic Dart            Conj           ####         1%          1    None


Dungeon Overview and Level Annotations

Branches:
Dungeon (8/15)             Temple (1/1) D:4
   Lair: D:8-11

Altars:
Ashenzari
Cheibriados
Dithmenos
Fedhas
Gozag
Hepliaklqana
Kikubaaqudgha
Makhleb
Nemelex Xobeh
Okawaru
Qazlal
Ru
Sif Muna
Trog
Vehumet
Xom
Yredelemnul
The Shining One

Shops:
D:6 [


Innate Abilities, Weirdness & Mutations

You can breathe waves of freezing cold.
You can buffet flying creatures when you breathe cold.
Your icy white scales are hard. (AC +7)
You cannot fit into any form of body armour.
Your flesh is cold resistant. (rC+)
You are cold-blooded and may be slowed by cold attacks.


Message History

Vehumet accepts your kill.
You feel your power returning. The two-headed ogre closely misses you.
The two-headed ogre barely misses you.
The two-headed ogre looks even sicker.
You see here a flail.
The two-headed ogre looks as sick as possible!
Your toxic aura wanes.
There is an escape hatch in the floor here.
Casting: Olgreb's Toxic Radiance
Confirm with . or Enter, or press ? or * to list all spells.
Aiming: Poisonous Vapours
Press: ? - help, Dir - move target cursor, f - two-headed ogre
Aim: a two-headed ogre, wielding a giant club and a giant spiked club (severely wounded, poisoned) Poisonous vapours surround the two-headed ogre!
The two-headed ogre is engulfed in poison gas.
The two-headed ogre looks as sick as possible!
The two-headed ogre hits you with a giant club!
* * * LOW HITPOINT WARNING * * *
The two-headed ogre hits you with a giant spiked club!!
You die...

..# #.# #.#####.#. ..# #<#
#.#####..# #.# #.###
#.##....## #.# #...#
#......## #.#
###(#####......### #.#
###.##...........# #.#
#......##......#.# #.#
#.#.####.......#.# #.#
#@#.#........###.# #.#
######### #O#.#.##...### #.#
#.#
##..).>).###>#)#.###.######.#
..###...####....#....#
#......#.#
#....###########.#.###
######.#.# #.####
#.........### #.#.# #.#
#########.......# #.#.#
..####.#.##..........# #...#
#.##.'...##.##.#.###.# #.###


You could see a two-headed ogre.

Vanquished Creatures
  The ghost of Gartch2 the Magician, a novice SpEn (D:6)
  Sigmund (D:3)
  A spriggan (D:7)
  A sky beast (D:7)
  An ice beast (D:7)
  3 ogres
  2 centaurs (D:7)
  4 bullfrogs
  A water moccasin zombie (D:5)
  A scorpion (D:7)
  3 howler monkeys
  6 wights
  3 crimson imps
  A bullfrog zombie (D:7)
  3 jellies
  2 centaur skeletons (D:6)
  3 hounds (D:6)
  7 orc wizards
  2 orc priests
  8 worker ants
  A mummy (D:4)
  11 adders
  3 shadow imps
  2 oozes
  5 worms
  2 dart slugs
  8 leopard geckos
  27 orcs
  2 ball pythons
  4 giant cockroaches
  9 goblins
  4 hobgoblins
  6 jackals
  4 quokkas
  8 bats
  7 frilled lizards
  A hobgoblin zombie (D:4)
  14 kobolds
  A kobold zombie (D:4)
  A leopard gecko skeleton (D:7)
  2 orc zombies (D:4)
  10 rats
186 creatures vanquished.

Vanquished Creatures (collateral kills)
  A wight (D:6)
  A hound (D:6)
  A jackal skeleton (D:5)
3 creatures vanquished.

Grand Total: 189 creatures vanquished

Notes
Turn   | Place    | Note
-------+----------+-------------------------------------------
     0 | D:1      | Inarius the Draconian Venom Mage began the quest for the Orb.
     0 | D:1      | Reached XP level 1. HP: 14/14 MP: 3/3
   464 | D:1      | Reached XP level 2. HP: 19/20 MP: 0/5
   498 | D:1      | Learned a level 2 spell: Poisonous Vapours
  1134 | D:1      | Reached XP level 3. HP: 26/26 MP: 3/6
  1871 | D:2      | Reached XP level 4. HP: 33/33 MP: 0/7
  1965 | D:2      | Learned a level 4 spell: Olgreb's Toxic Radiance
  2908 | D:3      | Reached skill level 1 in Air Magic
  3188 | D:3      | Noticed Sigmund
  3197 | D:3      | Killed Sigmund
  3197 | D:3      | Reached XP level 5. HP: 8/39 MP: 3/10
  3446 | D:3      | You fall through a shaft for 2 floors!
  3446 | D:5      | Entered Level 5 of the Dungeon
  3448 | D:5      | Reached XP level 6. HP: 46/46 MP: 8/11
  4948 | D:3      | Learned a level 5 spell: Venom Bolt
  5021 | D:4      | Found a staircase to the Ecumenical Temple.
  5028 | Temple   | Entered the Ecumenical Temple
  5099 | Temple   | Became a worshipper of Vehumet
  5477 | D:4      | Your scales start taking on an icy white colour.
  5477 | D:4      | Reached XP level 7. HP: 48/51 MP: 7/13
  5477 | D:4      | Gained mutation: Your flesh is cold resistant. (rC+) [White Draconian growth]
  6290 | D:5      | Reached skill level 5 in Poison Magic
  6439 | D:5      | Reached skill level 1 in Fighting
  6872 | D:5      | Learned a level 1 spell: Summon Small Mammal
  6879 | D:5      | Reached XP level 8. HP: 60/60 MP: 11/15
  6936 | D:5      | Reached * piety under Vehumet
  6936 | D:5      | Offered knowledge of Magic Dart by Vehumet.
  6939 | D:5      | Learned a level 1 spell: Magic Dart
  6968 | D:5      | Found a stormy altar of Qazlal.
  7053 | D:5      | Found a glowing golden altar of the Shining One.
  7312 | D:5      | Got an ichor-stained broad axe
  7313 | D:5      | Identified the +5 broad axe "Eboh" {flame, MR+ Str+4} (You found it on level 5 of the Dungeon)
  7650 | D:6      | Reached skill level 5 in Spellcasting
  7656 | D:6      | Reached skill level 1 in Summonings
  8453 | D:6      | Found Ickevedwe's Armour Shop.
  8507 | D:6      | Noticed Gartch2's ghost (novice SpEn)
  8521 | D:6      | Killed Gartch2's ghost
  8658 | D:6      | Offered knowledge of Freeze by Vehumet.
  8698 | D:6      | Reached ** piety under Vehumet
  8765 | D:6      | Found a basalt altar of Yredelemnul.
  8878 | D:6      | Reached XP level 9. HP: 67/68 MP: 17/17
  9360 | D:7      | Reached skill level 5 in Conjurations
 10279 | D:8      | Noticed a two-headed ogre
 10295 | D:7      | Slain by a two-headed ogre

Skill      XL: |  1  2  3  4  5  6  7  8  9 |
---------------+----------------------------+-----
Conjurations   | 2 3 4 5 |  5.3
Air Magic      | 2 3 4 |  4.8
Dodging        | 2 3 |  3.4
Spellcasting   | 3 4 5 6 |  6.6
Poison Magic   | 4 5 6 |  6.7
Fighting       | 1 2 3 |  3.0
Summonings     | 3 |  3.8
Stealth        | |  1.7
Unarmed Combat | |  0.2
Evocations     | |  0.8

Action                   |  1- 3 |  4- 6 |  7- 9 || total
-------------------------+-------+-------+-------++-------
Melee: Unarmed           |    19 |       |       ||    19
       Tailslap          |     9 |    11 |    15 ||    35
       Short sword       |    59 |    32 |       ||    91
       Flail             |       |    11 |       ||    11
       Mace              |       |    26 |    77 ||   103
       Whip              |       |    17 |       ||    17
       Broad axe         |       |       |    95 ||    95
 Cast: Sting             |    53 |    38 |    49 ||   140
       Poisonous Vapours |    11 |    41 |    57 ||   109
       Olgreb's Toxic Ra |       |     5 |     8 ||    13
       Summon Small Mamm |       |       |    25 ||    25
       Magic Dart        |       |       |    24 ||    24
 Abil: Breathe Frost     |       |       |     3 ||     3
  Use: Scroll            |       |     8 |     4 ||    12
 Stab: Sleeping          |       |     1 |     2 ||     3
       Distracted        |       |       |     1 ||     1
  Eat: Chunk             |     6 |    11 |     8 ||    25
       Bread ration      |       |     1 |     2 ||     3
Armor: Skin              |    24 |    35 |    64 ||   123
Dodge: Dodged            |    46 |    64 |   136 ||   246
